 Dungeon Crawl Stone Soup version 0.22-a0-456-g11ed031 (webtiles) character file.

382 n0claF the Slasher (level 6, -8/47 HPs)
             Began as a Demonspawn Gladiator on June 6, 2018.
             Was a Follower of Okawaru.
             Mangled by galech's ghost (13 damage)
             ... on level 3 of the Dungeon.
             The game lasted 00:16:46 (3587 turns).

n0claF the Slasher (Demonspawn Gladiator)           Turns: 3587, Time: 00:16:47

Health: -8/47      AC:  9    Str: 17    XL:     6   Next: 47%
Magic:  5/6        EV: 22    Int:  9    God:    Okawaru [*.....]
Gold:   152        SH:  0    Dex: 19    Spells: 5/5 levels left

rFire    . . .     SeeInvis .   a - +0 long sword
rCold    . . .     Gourm    .   (no shield)
rNeg     . . .     Faith    .   u - +0 ring mail
rPois    .         Spirit   .   c - +0 helmet
rElec    .         Reflect  .   (no cloak)
rCorr    .         Harm     .   g - +0 pair of gloves
MR       .....                  (no boots)
Stlth    ++++......             (no amulet)
HPRegen  0.15/turn              (no ring)
MPRegen  0.10/turn              (no ring)

@: agile, heroism
A: powered by pain 2
a: Heroism, Renounce Religion


You were on level 3 of the Dungeon.
You worshipped Okawaru.
Okawaru was aware of your devotion.
You were hungry.

You visited 1 branch of the dungeon, and saw 3 of its levels.
You also visited: Sewer.

You collected 152 gold pieces.

Inventory:

Hand Weapons
 a - a +0 long sword (weapon)
Missiles
 d - 3 throwing nets (quivered)
Armour
 b - a +0 leather armour
 c - a +0 helmet (worn)
 g - a +0 pair of gloves (worn)
 u - a +0 ring mail (worn)
Wands
 r - a wand of paralysis (11)
 s - a wand of random effects (20)
Scrolls
 e - 2 scrolls of fog {unknown}
 h - 5 scrolls of identify {unknown}
 j - 3 scrolls of teleportation {unknown}
 t - a scroll of enchant weapon {unknown}
Potions
 i - 6 potions of curing {unknown}
 k - 2 potions of magic {unknown}
 l - 2 potions of cancellation {unknown}
 m - 2 potions of degeneration {unknown}
 n - 3 potions of brilliance {unknown}
 o - 2 potions of might {unknown}
 p - 4 potions of heal wounds {unknown}
 q - a potion of flight {unknown}
Comestibles
 f - 2 rations


   Skills:
 + Level 3.2(8.2) Fighting
 + Level 4.8(9.8) Long Blades
 - Level 1.9(6.9) Throwing
 + Level 2.2(7.2) Armour
 + Level 3.6(8.6) Dodging
 - Level 1.0(6.0) Stealth
 + Level 1.1 Invocations


You had 5 spell levels left.
You didn't know any spells.
Your spell library was empty.

Dungeon Overview and Level Annotations

Branches:
Dungeon (3/15)

Altars:
Fedhas
Makhleb
Okawaru
Xom
The Shining One

Annotations:
D:3 galech's ghost, amateur OgBe


Innate Abilities, Weirdness & Mutations

You sometimes gain power by taking damage.


Message History

Galech's ghost is heavily damaged.
Galech's ghost misses you.
You barely miss galech's ghost.
Galech's ghost is heavily damaged.
Galech's ghost whispers, "The ORB doesn't exist."
Galech's ghost misses you.
You riposte.
You hit galech's ghost. You punch galech's ghost.
Galech's ghost is severely damaged.
You are feeling hungry.
You hit galech's ghost.
Galech's ghost is severely damaged.
Galech's ghost hits you.
* * * LOW HITPOINT WARNING * * *
You hit galech's ghost.
Galech's ghost is severely damaged.
Galech's ghost hits you but does no damage.
You closely miss galech's ghost.
Galech's ghost is severely damaged.
Galech's ghost hits you!
You die...

#..###.......## #
#..# ######...# ##
#..# #...###. ##..#
##....... #...#
##...#..## #..##
#...##.... #.)#
##...##.##.
##.)######...##.....
#..@##.....#.##..##.
#.#W##.####.(.....#.
#...##.####..####..#
#..###......## ###.#
#.. ######[####....
#.. #.##...#.# #..
#<##.###.. #.#
#.##.# ##. #.#..# ##


You could see galech's ghost.

Vanquished Creatures
  A centaur (D:3)
  Ijyb (D:3)
  6 river rats
  10 adders
  2 oozes
  3 worms (D:3)
  5 dart slugs (D:1)
  5 leopard geckos
  6 giant cockroaches
  6 goblins
  9 hobgoblins
  23 kobolds
  A quokka (D:2)
  5 ball pythons
  4 bats
  A frilled lizard (D:3)
  35 rats
  A fungus (D:3)
  2 plants (D:3)
126 creatures vanquished.

Notes
Turn   | Place    | Note
-------+----------+-------------------------------------------
     0 | D:1      | n0claF the Demonspawn Gladiator began the quest for the Orb.
     0 | D:1      | Reached XP level 1. HP: 16/16 MP: 1/1
    49 | D:1      | Gained mutation: You sometimes gain a little power by taking damage. [demonic ancestry]
    49 | D:1      | Reached XP level 2. HP: 20/22 MP: 2/2
    54 | D:1      | Reached skill level 3 in Long Blades
   378 | D:1      | Reached XP level 3. HP: 22/27 MP: 3/3
   789 | D:2      | Found an iron altar of Okawaru.
   798 | D:2      | Became a worshipper of Warmaster Okawaru
   833 | D:2      | Gained mutation: You sometimes gain power by taking damage. [demonic ancestry]
   833 | D:2      | Reached XP level 4. HP: 28/33 MP: 4/4
   867 | D:2      | Found a burning altar of Makhleb.
   868 | D:2      | Found a glowing golden altar of the Shining One.
   870 | D:2      | Found a shimmering altar of Xom.
  1038 | D:2      | Reached skill level 1 in Armour
  1107 | D:2      | Reached skill level 4 in Long Blades
  1520 | D:3      | Reached XP level 5. HP: 19/39 MP: 5/5
  1699 | D:3      | Found a glowing drain.
  1709 | Sewer    | Entered a sewer
  2361 | Sewer    | Reached skill level 1 in Stealth
  2402 | Sewer    | HP: 2/40 [kobold/whip (3)]
  2948 | D:3      | Paralysed by a kobold for 6 turns
  2954 | D:3      | Reached XP level 6. HP: 46/47 MP: 6/6
  2969 | D:3      | Noticed Ijyb
  2992 | D:3      | Killed Ijyb
  2992 | D:3      | Reached * piety under Okawaru
  3023 | D:3      | Found a blossoming altar of Fedhas.
  3037 | D:3      | Reached skill level 1 in Invocations
  3568 | D:3      | Noticed galech's ghost (amateur OgBe)
  3587 | D:3      | Mangled by galech's ghost

Vault maps used:
D:1:      minmay_arrival_up_and_down
D:2:      grunt_temple_overflow_open, okawaru_trees_2
D:3:      fedhas_altar_3, lightli_sewer_entry_pipes, minmay_misc_feat_pillars,
          uniq_ijyb
Sewer:    sewer_minmay_treatment

Skill      XL: |  1  2  3  4  5  6 |
---------------+-------------------+-----
Long Blades    | 3 4 |  4.8
Dodging        | 3 |  3.6
Armour         | 1 2 |  2.2
Stealth        | 1 |  1.0
Fighting       | 3 |  3.2
Invocations    | 1 |  1.1
Throwing       | |  1.9

Action                   |  1- 3 |  4- 6 || total
-------------------------+-------+-------++-------
Melee: Long sword        |   104 |   341 ||   445
       Punch             |       |     1 ||     1
Invok: Heroism           |       |     1 ||     1
 Stab: Sleeping          |     1 |     1 ||     2
  Eat: Chunk             |       |     6 ||     6
       Ration            |       |     1 ||     1
Armor: Leather armour    |    38 |    85 ||   123
       Ring mail         |       |     6 ||     6
Dodge: Dodged            |    94 |   223 ||   317
       Rpst.: Long sword |    28 |    77 ||   105

Table legend:
 A = Spawn XP
 B = Non-spawn XP
 C = Spawn XP percentage of total XP
 D = Spawn monster count
 E = Non-spawn monster count
 F = Spawn count percentage of total count
 G = Total turns spent on level
                    A         B        C        D         E        F      G
               +---------+---------+-------+---------+---------+-------+---------
         Total |       0 |     547 |   0.0 |       0 |     123 |   0.0 |  3587
               +---------+---------+-------+---------+---------+-------+---------
           D:1 |       0 |      65 |   0.0 |       0 |      30 |   0.0 |   671
           D:2 |       0 |      82 |   0.0 |       0 |      17 |   0.0 |   581
           D:3 |       0 |     252 |   0.0 |       0 |      28 |   0.0 |  1128
         Sewer |       0 |     148 |   0.0 |       0 |      48 |   0.0 |  1207
               +---------+---------+-------+---------+---------+-------+---------
